Map: Oxide LE

Players

Osiris

  • Race: Terran Terran
  • League: Diamond
  • Spawn Location: 7:00

FapperDupley - Winner!

  • Race: Protoss Protoss
  • League: Master
  • Spawn Location: 1:00

VOD

Have the link to the VOD?

Description

Time

  • Played on: Jan. 5, 2021, 7:41 a.m.
  • Length: 15:14
Show
View Real Time Build Order
Export as new Build Order

Osiris Terran 

Build Orders: Reaper Expand 

Get SALT Encoding   

  12  0:00  SCV  
  13  0:12  SCV  
  14  0:17  Supply Depot  
  14  0:24  SCV  
  15  0:39  SCV  
  15  0:40  Barracks  
  16  0:43  Refinery  
  16  0:51  SCV  
  17  1:03  SCV  
  18  1:15  SCV  
  19  1:28  Orbital Command  
  19  1:29  Reaper  
  20  1:42  Command Center  
  20  1:53  Supply Depot  
  20  1:56  SCV  
  21  2:03  Marine  
  22  2:09  SCV  
  22  2:12  Factory  
  23  2:22  Bunker  
  23  2:25  SCV  
  24  2:30  Barracks Reactor  
  24  2:38  SCV  
  24  2:39  Refinery  
  25  2:50  SCV  
  26  2:55  Orbital Command  
  26  2:57  Hellion  
  28  3:02  Starport  
  28  3:04  SCV  
  29  3:07  Marine x2  
  31  3:16  SCV  
  32  3:22  Factory Tech Lab  
  32  3:23  SCV  
  32  3:27  Marine x2  
  32  3:28  SCV  
  35  3:35  SCV, Supply Depot  
  35  3:39  Viking  
  35  3:40  SCV  
  39  3:44  Cyclone  
  39  3:48  Marine x2  
  45  3:55  SCV  
  45  3:56  SCV  
  45  4:02  Barracks  
  46  4:03  Supply Depot  
  46  4:06  Marine x2  
  48  4:12  Starport Tech Lab  
  48  4:15  SCV, Barracks  
  49  4:26  SCV  
  48  4:33  SCV  
  48  4:35  Engineering Bay  
  48  4:36  Refinery  
  47  4:38  SCV  
  47  4:41  Raven  
  47  4:42  Marine x2  
  47  4:45  SCV  
  53  4:50  SCV  
  53  4:51  Barracks Tech Lab  
  54  4:57  SCV  
  55  5:01  Marine x2  
  55  5:03  SCV  
  58  5:07  Barracks Tech Lab  
  58  5:08  Factory Tech Lab  
  58  5:10  SCV  
  58  5:12  Terran Infantry Weapons Level 1  
  59  5:14  Stimpack  
  59  5:15  SCV  
  59  5:16  Marine  
  59  5:22  SCV  
  59  5:27  SCV  
  61  5:34  SCV  
  61  5:35  Combat Shield  
  62  5:43  Supply Depot  
  62  5:44  SCV, Marine x4  
  62  5:46  SCV  
  62  5:47  Starport Reactor  
  68  5:53  Supply Depot  
  68  5:56  SCV  
  69  5:59  SCV  
  70  6:04  Siege Tank  
  70  6:07  Marine x2  
  70  6:08  Marauder  
  70  6:09  Command Center  
  77  6:15  Marauder, Supply Depot  
  77  6:17  SCV  
  80  6:18  Supply Depot  
  80  6:19  SCV  
  80  6:22  Refinery  
  80  6:25  Medivac x2  
  85  6:29  SCV  
  86  6:38  Marauder  
  88  6:40  Marauder, Supply Depot x2  
  88  6:45  Marine  
  88  6:46  Marine  
  92  7:00  Marauder  
  94  7:06  Barracks  
  94  7:07  Barracks  
  92  7:11  Marine x2, Marauder  
  92  7:13  Missile Turret  
  92  7:15  SCV x2, Missile Turret  
  98  7:18  Siege Tank  
  98  7:19  Medivac x2  
  98  7:22  Orbital Command  
  105  7:36  Marine x2  
  105  7:37  Marauder x2  
  97  7:54  Marine x2  
  97  7:57  Marine, Orbital Command  
  97  7:58  Marauder x3  
  90  8:01  Medivac, Siege Tank  
  87  8:07  SCV  
  87  8:12  Marine x2  
  90  8:15  Marine  
  90  8:19  Marauder, Viking, Refinery  
  95  8:20  Marine  
  95  8:21  Marauder  
  95  8:25  SCV  
  99  8:29  Terran Infantry Armor Level 1  
  99  8:31  Concussive Shells  
  99  8:32  Marine x2  
  101  8:35  Siege Tank  
  101  8:36  Viking  
  101  8:38  SCV x2, Marauder  
  110  8:42  Marauder  
  110  8:46  SCV  
  113  8:49  Marauder, Barracks Tech Lab  
  113  8:50  SCV  
  113  8:51  Marine x2  
  113  8:52  Viking  
  120  9:01  Marauder  
  120  9:02  SCV x3  
  127  9:10  Marauder x2, Siege Tank  
  127  9:13  Marine  
  133  9:17  Supply Depot  
  133  9:19  Supply Depot  
  133  9:20  Supply Depot  
  133  9:24  Marine, Marauder, Viking, Supply Depot  
  138  9:32  Viking  
  138  9:33  Marine  
  141  9:39  Marauder x3  
  141  9:42  Supply Depot  
  141  9:43  Supply Depot  
  147  9:48  Starport, Supply Depot  
  128  10:02  Viking  
  128  10:03  Viking, Siege Tank  
  128  10:04  Marine x2, Marauder x3  
  143  10:18  Marauder  
  145  10:25  Engineering Bay, Armory  
  145  10:27  SCV x2  
  145  10:28  Ghost Academy  
  147  10:34  Command Center  
  147  10:37  Starport Reactor, Viking x2, Refinery  
  147  10:38  Siege Tank  
  147  10:40  Marine  
  155  10:49  Marauder x2  
  161  10:50  Marine, Marauder  
  162  11:01  Marine, Marauder  
  162  11:03  Sensor Tower  
  165  11:07  Marine  
  165  11:10  Viking  
  165  11:11  Marauder  
  170  11:16  Ghost x2  
  174  11:19  Sensor Tower  
  174  11:20  SCV  
  174  11:21  SCV  
  176  11:37  Ghost x2  
  176  11:38  Marine x2  
  182  11:43  Terran Infantry Weapons Level 2  
  182  11:44  Marine  
  182  11:45  Sensor Tower  
  183  12:06  Ghost x3  
  183  12:08  Marine x3  
  192  12:27  Marine x2, Refinery  
  192  12:29  Refinery  
  170  12:47  SCV x3  
  169  12:59  SCV x2  
  169  13:00  SCV  
  171  13:07  Missile Turret  
  171  13:11  SCV x2  
  171  13:12  SCV  
  173  13:15  Missile Turret  
  173  13:23  Missile Turret  
  173  13:24  Planetary Fortress  
  173  13:25  SCV x3  
  174  13:37  SCV x2  
  174  13:38  SCV  
  174  13:39  Sensor Tower  
  176  13:49  SCV x2  
  176  13:50  SCV  
  176  14:01  SCV x2, Marauder x3, Bunker  
  183  14:03  SCV  
  172  14:38  Marine x2, Marauder  
  176  14:39  Marauder  
Show
View Real Time Build Order
Export as new Build Order

FapperDupley Protoss - Winner!

Build Orders: 1 Gate Expand, Phoenix Opening, Zealot Archon 

Get SALT Encoding   

  12  0:00  Probe  
  13  0:12  Probe  
  14  0:17  Pylon  
  14  0:24  Probe  
  15  0:36  Probe (Chrono Boost)  
  15  0:38  Gateway  
  16  0:48  Probe (Chrono Boost)  
  17  0:50  Assimilator  
  17  0:54  Probe (Chrono Boost)  
  18  1:03  Probe (Chrono Boost)  
  19  1:13  Probe (Chrono Boost)  
  20  1:26  Cybernetics Core  
  20  1:37  Nexus  
  20  1:45  Pylon  
  20  1:49  Assimilator  
  20  1:55  Probe  
  21  2:01  Adept (Chrono Boost)  
  21  2:07  Probe  
  24  2:12  Shield Battery  
  24  2:19  Probe  
  25  2:28  Stargate  
  24  2:31  Probe  
  25  2:37  Warp Gate  
  25  2:43  Adept, Probe  
  28  2:49  Probe  
  29  2:58  Probe  
  30  3:02  Probe  
  31  3:10  Phoenix (Chrono Boost), Probe  
  34  3:14  Probe  
  35  3:22  Probe  
  35  3:26  Phoenix (Chrono Boost)  
  36  3:28  Probe  
  39  3:34  Gateway, Probe  
  40  3:42  Probe  
  40  3:46  Probe  
  40  3:48  Phoenix (Chrono Boost)  
  44  3:59  Gateway  
  44  4:01  Pylon, Probe (Chrono Boost)  
  44  4:02  Probe (Chrono Boost)  
  46  4:17  Probe (Chrono Boost)  
  46  4:19  Phoenix, Probe  
  46  4:23  Assimilator  
  50  4:25  Assimilator  
  50  4:29  Probe  
  50  4:31  Probe  
  52  4:40  Robotics Facility  
  52  4:41  Probe  
  52  4:42  Twilight Council  
  52  4:43  Probe  
  52  4:45  Pylon  
  54  5:02  Phoenix  
  54  5:03  Nexus, Probe x2  
  58  5:07  Pylon  
  58  5:15  Probe x2  
  60  5:22  Charge (Chrono Boost)  
  60  5:24  Immortal (Chrono Boost)  
  64  5:29  Zealot x3  
  64  5:35  Robotics Bay, Pylon  
  70  5:41  Shield Battery  
  70  5:53  Probe x2  
  70  5:56  Pylon  
  72  6:01  Observer (Chrono Boost)  
  73  6:05  Probe x2  
  75  6:13  Zealot  
  75  6:14  Zealot  
  75  6:15  Zealot  
  75  6:17  Probe  
  75  6:18  Probe  
  83  6:19  Colossus (Chrono Boost)  
  83  6:21  Templar Archives  
  83  6:23  Gateway  
  83  6:25  Gateway  
  89  6:32  Gateway  
  89  6:35  Extended Thermal Lance  
  89  6:40  Gateway  
  89  6:49  Gateway  
  89  6:51  Gateway  
  89  6:53  Gateway  
  89  7:02  Colossus (Chrono Boost)  
  89  7:05  High Templar  
  89  7:07  Zealot x2  
  101  7:10  Pylon  
  101  7:16  Pylon  
  101  7:19  Pylon  
  101  7:25  Probe x2  
  101  7:28  Probe  
  102  7:31  High Templar x2  
  102  7:32  Zealot  
  102  7:35  Zealot x2  
  102  7:36  Archon  
  112  7:37  Probe x2  
  112  7:40  Probe  
  111  7:49  Zealot  
  95  7:53  High Templar  
  95  7:54  Zealot x2  
  95  7:55  Zealot  
  91  8:01  Probe  
  91  8:03  Probe x2  
  94  8:05  High Templar  
  94  8:06  Zealot x2  
  94  8:07  Zealot x2  
  104  8:15  Probe x2 (Chrono Boost)  
  104  8:16  Colossus (Chrono Boost)  
  104  8:19  Probe (Chrono Boost)  
  113  8:23  Assimilator  
  113  8:24  Archon  
  113  8:26  Zealot x2  
  119  8:27  Assimilator, Probe (Chrono Boost)  
  119  8:30  Probe (Chrono Boost)  
  119  8:32  High Templar  
  121  8:35  Zealot  
  121  8:39  Pylon  
  123  8:43  Pylon  
  123  8:44  Probe x2  
  125  8:50  Pylon  
  125  8:57  Nexus  
  125  8:59  High Templar x2  
  125  9:00  Zealot  
  125  9:01  Warp Prism (Chrono Boost)  
  131  9:03  Archon, Zealot  
  131  9:05  High Templar  
  131  9:06  Zealot  
  131  9:08  Zealot  
  141  9:12  Zealot  
  141  9:13  High Templar  
  141  9:15  Zealot  
  141  9:16  Archon  
  147  9:24  Psionic Storm  
  147  9:26  Forge  
  147  9:28  Probe  
  147  9:29  Forge  
  148  9:32  Probe  
  148  9:36  Pylon  
  149  9:52  Probe x3  
  148  9:59  High Templar x2  
  138  10:00  Zealot x2, High Templar  
  138  10:01  Zealot x5  
  138  10:03  Protoss Ground Weapons Level 1 (Chrono Boost)  
  138  10:04  Archon, Probe  
  153  10:10  Probe x3  
  153  10:13  Protoss Ground Armor Level 1 (Chrono Boost)  
  156  10:16  Probe  
  157  10:22  Probe x2  
  157  10:23  Probe (Chrono Boost)  
  157  10:27  Assimilator  
  160  10:29  Fleet Beacon  
  160  10:30  Zealot  
  160  10:31  Zealot x2, Probe (Chrono Boost)  
  160  10:32  Stargate  
  169  10:37  Assimilator  
  169  10:40  Dark Shrine, Probe x2 (Chrono Boost)  
  169  10:54  High Templar x2  
  171  10:58  Pylon  
  171  11:01  Gravitic Boosters (Chrono Boost)  
  169  11:04  Nexus  
  169  11:06  Assimilator  
  169  11:10  Assimilator  
  169  11:13  Pylon  
  169  11:17  Carrier (Chrono Boost)  
  169  11:25  Pylon  
  175  11:26  Pylon  
  175  11:27  Photon Cannon  
  175  11:34  Protoss Air Weapons Level 1 (Chrono Boost)  
  173  11:40  Stargate  
  173  11:53  Dark Templar x3  
  173  11:54  Shield Battery  
  179  11:55  Shield Battery  
  179  11:57  Shield Battery  
  179  12:00  Dark Templar  
  181  12:03  Shadow Stride  
  181  12:08  Carrier  
  187  12:09  Zealot x4  
  187  12:10  Zealot x2  
  199  12:38  Protoss Ground Weapons Level 2 (Chrono Boost)  
  197  12:55  Robotics Facility  
  197  12:57  Zealot  
  197  13:05  Disruptor  
  197  13:08  Gravitic Drive (Chrono Boost)  
  200  13:16  Dark Templar  
  198  13:27  Dark Templar  
  196  13:52  Nexus  
  196  13:56  Assimilator  
  196  13:58  Assimilator  
  196  14:00  Pylon  
  196  14:02  Pylon  
  194  14:09  Stargate  
  194  14:11  Stargate  
  178  14:36  Disruptor x2  
  173  15:07  Archon x2  
Tags
 
Add a new tag
Caveats
  • Supply blocks, unpowered buildings, or Contaminate may cause inaccurate times.
  • Supply counts are checked every 10 seconds.